 Dungeon Crawl Stone Soup version 0.23.2-1-ga50397a6bc (webtiles) character file.

Game seed: 41646579995114849

25685 1994 the Covert (level 12, -4/59 HPs)
             Began as a Felid Ice Elementalist on May 26, 2019.
             Was an Elder of Sif Muna.
             Slain by a naga warrior
             ... wielding a +0 dire flail
              (21 damage)
             ... on level 1 of the Snake Pit on May 28, 2019.
             The game lasted 05:39:32 (63394 turns).

1994 the Covert (Felid Ice Elementalist)           Turns: 63394, Time: 05:39:33

Health: -4/59      AC:  7    Str:  4    XL:     12   Next: 91%
Magic:  1/25       EV: 24    Int: 21    God:    Sif Muna [****..]
Gold:   2876       SH:  0    Dex: 17    Spells: 2/28 levels left
                                        Lives:  0   Deaths: 4

rFire    . . .     SeeInvis +     - Unarmed
rCold    + . .     Gourm    .   (shield unavailable)
rNeg     . . .     Faith    .   (armour unavailable)
rPois    +         Spirit   .   (helmet unavailable)
rElec    .         Reflect  .   (cloak unavailable)
rCorr    .         Harm     .   (gloves unavailable)
MR       +....                  (boots unavailable)
Stlth    ++++++....             o - amulet of the acrobat
HPRegen  0.19/turn              S - +4 ring of protection
MPRegen  0.19/turn              T - ring of poison resistance

@: lethally poisoned (-4 -> -6), constricted, divine energy, quick
A: very small, no armour, no weapons or thrown items, stealth, claws 1, fangs 3,
see invisible, carnivore, speed 1, shaggy fur 3, slow metabolism 1, sharp paws
a: Stop Divine Energy, Channel Magic, Forget Spell, Renounce Religion


You were on level 1 of the Snake Pit.
You worshipped Sif Muna.
Sif Muna was greatly pleased with you.
You were not hungry.

You visited 5 branches of the dungeon, and saw 25 of its levels.
You also visited: Sewer, Ice Cave and Volcano.

You collected 3616 gold pieces.
You spent 740 gold pieces at shops.

Inventory:

Jewellery
 o - an amulet of the acrobat (around neck)
 q - an uncursed ring of magical power
 u - an uncursed amulet of rage
 F - an uncursed ring of protection from fire
 I - a +3 amulet of reflection
 M - an uncursed amulet of faith
 N - an uncursed ring of flight
 O - an uncursed ring of resist corrosion
 P - an uncursed ring of protection from magic
 R - the ring "Ojiarin" {-Tele +Inv rN+++ AC+1 Dex-5}
   (You found it in an ice cave)

   [ring of protection]

   It affects your AC (+1).
   It affects your dexterity (-5).
   It renders you almost immune to negative energy.
   It lets you turn invisible.
   It prevents most forms of teleportation.
 S - a +4 ring of protection (left paw)
 T - a ring of poison resistance (right paw)
Wands
 r - a wand of clouds (6)
 v - a wand of paralysis (18)
 A - a wand of flame (15)
 B - a wand of random effects (22)
 C - a wand of disintegration (23)
 E - a wand of digging (3)
 H - a wand of enslavement (12)
 L - a wand of acid (8)
Scrolls
 c - 2 scrolls of blinking
 d - 13 scrolls of remove curse
 e - a scroll of holy word {unknown}
 g - 6 scrolls of fog
 l - 8 scrolls of amnesia
 m - 11 scrolls of teleportation
 p - 8 scrolls of identify
 s - 3 scrolls of magic mapping
 t - 5 scrolls of immolation
 y - a scroll of vulnerability {unknown}
 D - a scroll of fear
 K - a scroll of summoning
Potions
 a - 2 potions of magic
 f - 3 potions of heal wounds
 h - 5 potions of agility
 i - 4 potions of flight
 j - 11 potions of curing
 k - 2 potions of cancellation
 n - 4 potions of might
 w - 3 potions of lignification
 x - 3 potions of brilliance
 z - 3 potions of haste
 G - a potion of resistance
 Q - a potion of ambrosia
Miscellaneous
 J - a phantom mirror
Comestibles
 b - 46 rations


   Skills:
 + Level 10.7 Fighting
 + Level 11.8 Dodging
 + Level 12.6 Stealth
 + Level 7.5 Unarmed Combat
 + Level 8.7 Spellcasting
 * Level 9.4 Conjurations
 - Level 3.0 Charms
 - Level 6.0 Summonings
 - Level 2.0 Necromancy
 - Level 3.2 Translocations
 * Level 11.9 Ice Magic
 - Level 2.5 Air Magic
 - Level 1.0 Poison Magic
 - Level 6.0 Invocations


You had 2 spell levels left.
You knew the following spells:

 Your Spells              Type           Power        Failure   Level  Hunger
a - Freeze                Ice            ####         1%          1    None
b - Throw Frost           Conj/Ice       ######       1%          2    None
c - Throw Icicle          Conj/Ice       ######..     1%          4    ###....
d - Animate Skeleton      Necr           N/A          3%          1    None
e - Ozocubu's Armour      Chrm/Ice       #####...     1%          3    None
f - Summon Ice Beast      Ice/Summ       #####...     1%          4    ###....
g - Ozocubu's Refrigerat  Ice            ######....   9%          6    ######.
h - Blink                 Tloc           N/A          3%          2    None
i - Mephitic Cloud        Conj/Pois/Air  ####....     3%          3    None

Your spell library contained the following spells:

 Spells                   Type           Power        Failure   Level  Hunger
 Flame Tongue             Conj/Fire      ####.        1%          1    None
 Magic Dart               Conj           ####         1%          1    None
 Shock                    Conj/Air       ####         1%          1    None
 Sting                    Conj/Pois      ####         1%          1    None
 Call Imp                 Summ           ####....     1%          2    None
 Ensorcelled Hibernation  Hex/Ice        ####..       1%          2    None
 Searing Ray              Conj           #####.       1%          2    None
 Pain                     Necr           ###.         3%          1    None
 Swiftness                Chrm/Air       ###.....     3%          2    None
 Corpse Rot               Necr           N/A          4%          2    None
 Confusing Touch          Hex            #.....       8%          1    None
 Corona                   Hex            #......      8%          1    None
 Slow                     Hex            #.......     11%         2    None
 Static Discharge         Conj/Air       ####....     1%          3    None
 Iskenderun's Mystic Bla  Conj           #####...     1%          4    ###....
 Conjure Flame            Conj/Fire      ####....     3%          3    None
 Gell's Gravitas          Tloc           ###.......   6%          3    None
 Bolt of Cold             Conj/Ice       ######....   14%         6    ######.
 Lightning Bolt           Conj/Air       ####......   19%         5    #####..
 Metabolic Englaciation   Hex/Ice        ####......   19%         5    #####..
 Bolt of Draining         Conj/Necr      ####......   21%         5    #####..
 Confuse                  Hex            #.......     22%         3    None
 Venom Bolt               Conj/Pois      ####......   24%         5    #####..
 Airstrike                Air            ###.......   26%         4    ###....
 Summon Forest            Summ/Tloc      ####......   30%         5    #####..
 Freezing Cloud           Conj/Ice/Air   #####.....   41%         6    ######.
 Petrify                  Tmut/Erth      #.......     58%         4    ###....
 Agony                    Necr           ###.....     65%         5    #####..
 Bolt of Fire             Conj/Fire      ####......   86%         6    ######.
 Yara's Violent Unravell  Hex/Tmut       #.........   90%         5    #####..
 Spellforged Servitor     Conj/Summ      #####.....   95%         7    #######
 Ignition                 Fire           #.........   100%        8    #######
 Glaciate                 Conj/Ice       ######....   100%        9    #######
 Shatter                  Erth           #.........   100%        9    #######
 Tornado                  Air            ###.......   100%        9    #######


Dungeon Overview and Level Annotations

Branches:
Dungeon (15/15)            Temple (1/1) D:7            Lair (6/6) D:8
 Shoals (0/4) Lair:2        Snake (1/4) Lair:3        Slime (0/5) Lair:5
    Orc (2/2) D:12            Elf (0/3) Orc:2        Vaults (0/5) D:14
 Depths (0/5) D:15

Altars:
Ashenzari
Cheibriados
Dithmenos
Elyvilon
Fedhas
Gozag
Hepliaklqana
Kikubaaqudgha
Makhleb
Nemelex Xobeh
Okawaru
Qazlal
Ru
Sif Muna
Trog
Uskayaw
Vehumet
Wu Jian
Xom
Yredelemnul
Zin
The Shining One
Beogh

Shops:
D:9 }   D:13 (:}:*   Orc:2 [*[(}

Annotations:
D:3 trans rock loot


Innate Abilities, Weirdness & Mutations

You cannot wear armour.
You are incapable of wielding weapons or throwing items.
Your paws allow you to move quietly. (Stealth)
You have sharp claws.
You have razor-sharp teeth.
You have supernaturally acute eyesight. (SInv)
You are carnivorous and can eat meat at any time.
You cover ground quickly.
Your thick and shaggy fur keeps you warm. (AC +3, rC+)
You have a slow metabolism.
Your sharp claws are effective at attacking unaware monsters.


Message History

You regain access to your magic.
You scratch the naga warrior.
The naga warrior is heavily wounded.
The naga warrior hits you with a +0 dire flail!!
The naga warrior constricts you.
You completely miss the naga warrior.
The naga warrior is heavily wounded.
The naga warrior hits you but does no damage.
The naga warrior constricts you.
You scratch the naga warrior.
The naga warrior is heavily wounded.
The naga warrior spits poison at you. The splash of poison hits you.
You are poisoned.
You resist. The naga warrior constricts you.
You claw the naga warrior!
The naga warrior is severely wounded.
You feel sick.
The naga warrior hits you with a +0 dire flail!!
You die...

...... ...... .. .....#
### #. ###... ..## ..
#.... ..)#.# .....
....## ...###.. #.
#....# .....#.. ...
#.N..##
N...##..###..##.@..!##..
....# ...N#..#..........
....###..##..###...#....
.........#........## ...
.........###......# .
#..............### #
#...............#
####.....#....##....#
.......####..## ###..#


You could see a naga warrior.

Vanquished Creatures
  Rupert (D:14)
  The ghost of Freyura the Basher, a journeyman GrFi of the Shining One (D:13)
  A yaktaur captain (D:15)
  2 vault guards (D:14)
  3 ice dragons
  7 hydras
  4 centaur warriors
  2 anacondas (Snake:1)
  3 death yaks
  A deep troll shaman (Lair:6)
  4 two-headed ogres
  4 orc high priests (Orc:2)
  A queen ant (D:10)
  A shock serpent (Lair:3)
  A fire crab (Lair:5)
  2 unseen horrors
  An orc knight (D:15)
  A wolf spider zombie (D:13)
  4 lindwurms (Lair:2)
  3 orc sorcerers
  8 ugly things
  A salamander (Snake:1)
  A mana viper (Snake:1)
  A manticore (D:12)
  A centaur zombie (D:14)
  3 cyclopes
  8 elephants
  3 black mambas (Snake:1)
  2 ice statues (IceCv)
  2 naga magi (Snake:1)
  A gargoyle (D:14)
  6 spiny frogs
  A yaktaur (D:15)
  2 rime drakes (IceCv)
  A komodo dragon (Lair:1)
  6 ice devils
  4 trolls
  A queen bee (D:12)
  A red devil (Volcano)
  A hornet (D:12)
  4 polar bears
  10 hippogriffs
  6 slime creatures
  A meliai zombie (D:15)
  4 blink frogs
  A wraith (D:9)
  A wyvern (D:10)
  A yak (Lair:6)
  3 ynoxinuls (D:13)
  4 humans (D:14)
  A fire elemental (Lair:2)
  A hungry ghost (D:10)
  2 wargs
  5 nagas
  12 soldier ants (D:10)
  A hell hound (Volcano)
  8 water moccasins
  6 porcupines
  2 black bears
  17 orc warriors
  5 sky beasts
  A phantom (D:4)
  16 ice beasts
  11 ogres
  A necrophage (D:4)
  5 wolves
  8 big kobolds
  14 centaurs
  16 crocodiles
  Blork the orc (D:4)
  17 bullfrogs
  A gnoll sergeant (D:12)
  A wyvern skeleton (D:13)
  3 scorpions
  23 killer bees
  A howler monkey (D:12)
  4 electric eels
  A bullfrog zombie (D:12)
  6 crimson imps
  A quasit (D:10)
  3 bullfrog skeletons
  7 hounds
  6 jellies
  16 orc priests
  A gnoll shaman (D:10)
  Crazy Yiuf (D:3)
  Jessica (D:3)
  5 centaur skeletons
  5 iguanas
  22 orc wizards
  21 worker ants
  2 hound skeletons
  4 adders
  13 gnolls
  A howler monkey skeleton (D:7)
  3 worker ant zombies
  6 shadow imps
  3 white imps (Lair:6)
  An ooze (D:2)
  An adder skeleton (D:6)
  2 worms
  2 dart slugs (D:2)
  7 leopard geckos
  64 orcs
  10 giant cockroaches
  14 goblins
  6 hobgoblins
  6 jackals
  4 quokkas
  13 bats
  6 frilled lizards
  A jackal zombie (D:6)
  33 kobolds
  A quokka skeleton (D:5)
  7 rats
  2 butterflies (Lair:4)
  3 fungi (D:8)
  3 plants (D:8)
633 creatures vanquished.

Vanquished Creatures (collateral kills)
  Snorg (D:10)
  A catoblepas (Lair:6)
  A hydra (Lair:6)
  A two-headed ogre (D:12)
  6 death yaks
  A lindwurm (Lair:6)
  An ugly thing (D:12)
  2 oklob plants (Lair:6)
  A centaur zombie (D:10)
  10 elephants
  3 black mambas
  5 spiny frogs
  3 rime drakes
  5 komodo dragons
  A red devil (Lair:5)
  A hornet (D:9)
  Grinder (D:3)
  2 polar bears
  9 blink frogs
  3 hippogriffs
  5 yaks (Lair:6)
  2 basilisks
  A hungry ghost (D:9)
  8 soldier ants (D:10)
  3 nagas (Snake:1)
  4 water moccasins
  3 ice beasts
  4 porcupines
  2 black bears
  2 orc warriors
  An ogre (D:10)
  A sky beast (D:10)
  21 wolves
  2 centaurs
  2 bullfrogs (Lair:1)
  A jelly (Lair:5)
  6 worker ants (D:10)
  A killer bee zombie (D:6)
  A ball python (Sewer)
  A giant cockroach (D:6)
  2 kobolds
  28 fungi
  25 plants
184 creatures vanquished.

Vanquished Creatures (others)
  2 vault guards (D:14)
  4 humans (D:14)
  A bush (Lair:6)
  11 fungi
  11 plants
29 creatures vanquished.

Grand Total: 846 creatures vanquished

Notes
Turn   | Place    | Note
-------+----------+-------------------------------------------
     0 | D:1      | 1994 the Felid Ice Elementalist began the quest for the
                  | Orb.
     0 | D:1      | Reached XP level 1. HP: 7/7 MP: 4/4
   529 | D:1      | Reached XP level 2. HP: 12/12 MP: 4/6
   587 | D:1      | Reached skill level 1 in Fighting
   611 | D:1      | Learned a level 2 spell: Throw Frost
   864 | D:1      | Reached skill level 1 in Conjurations
   929 | D:1      | Reached skill level 3 in Stealth
  1296 | D:2      | Found a glowing silver altar of Zin.
  1529 | D:2      | Reached XP level 3. HP: 8/15 MP: 2/7
  1661 | D:2      | Learned a level 3 spell: Ozocubu's Armour
  3074 | D:2      | Reached XP level 4. HP: 19/19 MP: 5/8
  3646 | D:3      | Reached skill level 1 in Charms
  3703 | D:3      | Noticed Jessica
  3718 | D:3      | Killed Jessica
  4070 | D:3      | Found a faded altar of an unknown god.
  4100 | D:3      | Found a white marble altar of Elyvilon.
  4221 | D:3      | Noticed Grinder
  4302 | D:3      | Reached XP level 5. HP: 22/22 MP: 1/9
  4484 | D:3      | Found a deep blue altar of Sif Muna.
  4490 | D:3      | Became a worshipper of Sif Muna the Loreminder
  4744 | D:3      | Identified Sif Muna's Reference Book on Stolen Souls
  4760 | D:3      | Learned a level 1 spell: Animate Skeleton
  5511 | D:4      | Noticed a phantom
  5674 | D:4      | Reached skill level 1 in Necromancy
  5674 | D:4      | Gained mutation: You are covered in thick fur. (AC +2)
                  | [Felid growth]
  5674 | D:4      | Reached XP level 6. HP: 26/26 MP: 0/11
  6246 | D:4      | Reached skill level 4 in Stealth
  6380 | D:4      | Found a shattered altar of Ashenzari.
  6502 | D:5      | Entered Level 5 of the Dungeon
  7181 | D:5      | Found a shadowy altar of Dithmenos.
  7969 | D:5      | Reached XP level 7. HP: 28/30 MP: 3/12
  7975 | D:5      | Learned a level 4 spell: Throw Icicle
  8837 | D:6      | Found a glowing golden altar of the Shining One.
  9221 | D:6      | Found a glowing drain.
  9233 | D:6      | Reached * piety under Sif Muna
  9247 | Sewer    | Entered a sewer
 10222 | Sewer    | Reached XP level 8. HP: 34/34 MP: 14/14
 10232 | Sewer    | Reached skill level 5 in Stealth
 10391 | D:6      | Found the +8 glaive of the Guard {elec, +Rage AC+5 SInv}
 10679 | D:6      | Reached ** piety under Sif Muna
 10679 | D:6      | Reached skill level 5 in Ice Magic
 10803 | D:6      | Reached skill level 5 in Dodging
 11064 | D:6      | Found an ancient bone altar of Kikubaaqudgha.
 12645 | D:6      | Learned a level 4 spell: Summon Ice Beast
 13034 | D:4      | Noticed Blork the orc
 13046 | D:4      | Killed Blork the orc
 13656 | D:4      | Reached skill level 6 in Stealth
 13656 | D:4      | Reached skill level 1 in Summonings
 13656 | D:4      | Reached XP level 9. HP: 39/39 MP: 0/17
 14904 | D:7      | Found a staircase to the Ecumenical Temple.
 14993 | Temple   | Entered the Ecumenical Temple
 15086 | D:7      | Found a sacrificial altar of Ru.
 15868 | D:7      | Reached skill level 5 in Conjurations
 16070 | D:8      | Reached skill level 5 in Spellcasting
 16077 | D:8      | Reached *** piety under Sif Muna
 16992 | D:8      | Reached skill level 1 in Invocations
 17180 | D:8      | Found a stormy altar of Qazlal.
 17182 | D:8      | Found a burning altar of Makhleb.
 17443 | D:8      | Found a staircase to the Lair.
 17510 | D:8      | Found an ornate altar of the Wu Jian Council.
 17510 | D:8      | Found a sparkling altar of Nemelex Xobeh.
 18435 | D:9      | Reached skill level 7 in Stealth
 18851 | D:9      | Reached XP level 10. HP: 43/43 MP: 12/19
 19495 | D:9      | Found Xaryinit's Gadget Shop.
 20521 | D:10     | Entered Level 10 of the Dungeon
 21093 | D:10     | Noticed a two-headed ogre
 21157 | D:9      | Reached skill level 5 in Fighting
 21286 | D:10     | Killed a two-headed ogre
 21407 | D:10     | Noticed a two-headed ogre
 21416 | D:10     | Killed a two-headed ogre
 21416 | D:10     | Reached **** piety under Sif Muna
 22718 | D:10     | Noticed Snorg
 23557 | D:10     | Slain by Snorg
 23558 | D:10     | Reached XP level 9. HP: -1/41 MP: 1/18
 23568 | D:10     | Killed Snorg
 23568 | D:10     | Reached skill level 5 in Summonings
 23724 | D:10     | Reached XP level 10. HP: 45/45 MP: 3/19
 23932 | D:10     | Reached skill level 8 in Stealth
 24289 | D:10     | Reached skill level 1 in Unarmed Combat
 25526 | D:10     | Noticed a queen ant
 25567 | D:10     | Killed a queen ant
 26277 | D:11     | Reached ***** piety under Sif Muna
 26454 | D:11     | Noticed an unseen horror
 26467 | D:11     | Killed an unseen horror
 26467 | D:11     | Identified Sif Muna's Almanac of Execration and Combat
                  | Magic (Sif Muna gifted it to you on level 11 of the
                  | Dungeon)
 26467 | D:11     | Received a gift from Sif Muna
 26467 | D:11     | Reached XP level 11. HP: 42/49 MP: 1/21
 27778 | Lair:1   | Entered Level 1 of the Lair of Beasts
 28499 | Lair:1   | Reached skill level 9 in Stealth
 28771 | Lair:1   | Noticed a seven-headed hydra
 28783 | Lair:1   | Killed a seven-headed hydra
 29241 | D:3      | Killed Grinder
 29412 | D:3      | Found a runed translucent door.
 29413 | D:3      | Noticed Crazy Yiuf
 29425 | D:3      | Killed Crazy Yiuf
 29652 | Lair:2   | Found a staircase to the Shoals.
 30121 | Lair:2   | Noticed an eight-headed hydra
 30177 | Lair:2   | Killed an eight-headed hydra
 30943 | Lair:2   | Noticed a lindwurm
 30962 | Lair:2   | Noticed a lindwurm
 30963 | Lair:2   | Noticed a lindwurm
 30963 | Lair:2   | Noticed a lindwurm
 31070 | Lair:2   | Killed a lindwurm
 31234 | Lair:2   | Killed a lindwurm
 31442 | Lair:2   | Killed a lindwurm
 31469 | Lair:2   | Killed a lindwurm
 31877 | Lair:3   | Noticed a seven-headed hydra
 31889 | Lair:3   | Killed a seven-headed hydra
 32384 | Lair:3   | Gained mutation: Your thick and shaggy fur keeps you warm.
                  | (AC +3, rC+) [Felid growth]
 32384 | Lair:3   | Reached XP level 12. HP: 55/55 MP: 12/23
 32712 | Lair:3   | Found a staircase to the Snake Pit.
 33564 | Lair:2   | Reached skill level 10 in Stealth
 35500 | Lair:4   | Noticed a six-headed hydra
 35519 | Lair:4   | Killed a six-headed hydra
 36109 | Lair:5   | Identified Sif Muna's Almanac of the Snowflakes and Stolen
                  | Souls (Sif Muna gifted it to you on level 5 of the Lair of
                  | Beasts)
 36109 | Lair:5   | Received a gift from Sif Muna
 36457 | Lair:5   | Slain by an elephant
 36458 | Lair:5   | Reached XP level 11. HP: -1/52 MP: 1/23
 36507 | Lair:5   | Found a staircase to the Slime Pits.
 36549 | Lair:5   | Found a dark tunnel.
 36556 | Volcano  | Entered a volcano
 36585 | Volcano  | Noticed a red ugly thing
 36587 | Volcano  | Noticed an orc sorcerer
 36604 | Volcano  | Killed a red ugly thing
 36616 | Volcano  | Killed an orc sorcerer
 37069 | Lair:5   | Reached skill level 5 in Unarmed Combat
 37113 | Lair:5   | Reached skill level 10 in Ice Magic
 37131 | Lair:5   | Reached XP level 12. HP: 16/57 MP: 2/24
 37429 | Lair:5   | Reached skill level 10 in Dodging
 37938 | Lair:5   | Learned a level 6 spell: Ozocubu's Refrigeration
 37952 | Lair:6   | Entered Level 6 of the Lair of Beasts
 37952 | Lair:6   | Noticed a death yak
 37952 | Lair:6   | Noticed a death yak
 37957 | Lair:6   | Noticed a death yak
 38018 | Lair:5   | Killed a death yak
 38381 | Lair:6   | Noticed an ice dragon
 38661 | Lair:5   | Killed a death yak
 38811 | Lair:5   | Killed a death yak
 38920 | Lair:6   | Noticed a seven-headed hydra
 38933 | Lair:6   | Killed a seven-headed hydra
 40406 | Lair:6   | Reached skill level 11 in Stealth
 41517 | Lair:6   | Killed an ice dragon
 41710 | Lair:6   | Noticed a catoblepas
 41710 | Lair:6   | Noticed a death yak
 41710 | Lair:6   | Noticed a death yak
 41791 | Lair:6   | Noticed a death yak
 41791 | Lair:6   | Noticed a death yak
 41791 | Lair:6   | Noticed a death yak
 41791 | Lair:6   | Noticed a death yak
 42798 | Lair:6   | Killed a death yak
 42821 | Lair:6   | Killed a death yak
 42987 | Lair:6   | Killed a death yak
 43163 | Lair:5   | Killed a death yak
 43353 | Lair:6   | Killed a death yak
 43353 | Lair:6   | Reached skill level 5 in Invocations
 43449 | Lair:5   | Killed a death yak
 43449 | Lair:5   | Reached XP level 13. HP: 61/61 MP: 0/25
 43967 | Lair:6   | Identified Sif Muna's Reference Book on Conjuration (Sif
                  | Muna gifted it to you on level 6 of the Lair of Beasts)
 43967 | Lair:6   | Received a gift from Sif Muna
 45227 | D:12     | Reached skill level 10 in Fighting
 45766 | D:12     | HP: 2/61 [killer bee (6)]
 46036 | D:12     | Found a staircase to the Orcish Mines.
 46480 | D:12     | Found a bloodstained altar of Trog.
 47044 | Orc:1    | Entered Level 1 of the Orcish Mines
 47611 | Orc:2    | Entered Level 2 of the Orcish Mines
 48098 | Orc:2    | HP: 1/61 [frozen (9)]
 48802 | Orc:2    | Found Ucel Faaty's Armour Shoppe.
 48802 | Orc:2    | Found Ostraf's General Store.
 48802 | Orc:2    | Found Viaggayp's Antique Weapon Emporium.
 48805 | Orc:2    | Found Wattag's Gadget Emporium.
 49823 | Orc:2    | Found a staircase to the Elven Halls.
 49826 | Orc:2    | Found a roughly hewn altar of Beogh.
 49984 | Orc:2    | Found Horuorej's Antique Armour Shop.
 51223 | D:13     | Found Niaffaim's Gadget Boutique.
 51308 | D:13     | Found Bixzuobu's Book Emporium.
 51418 | D:13     | Reached skill level 12 in Stealth
 51575 | D:13     | Found Duushex's Weapon Shop.
 51654 | D:13     | Found Cebam's Book Boutique.
 51657 | D:13     | Found Lyro's General Store.
 51667 | D:13     | Bought a scroll of blinking for 120 gold pieces
 52659 | D:14     | Found a runed translucent door.
 52660 | D:14     | Noticed Freyura's ghost (journeyman GrFi)
 53176 | D:13     | Killed Freyura's ghost
 53176 | D:13     | Reached XP level 14. HP: 66/66 MP: 0/27
 53447 | D:13     | Bought a book of Minor Magic for 360 gold pieces
 53450 | D:13     | Learned a level 2 spell: Blink
 53454 | D:13     | Learned a level 3 spell: Mephitic Cloud
 54102 | D:14     | Reached skill level 1 in Translocations
 54679 | D:14     | Noticed Rupert
 55304 | D:13     | Reached skill level 1 in Air Magic
 56788 | D:14     | Reached skill level 1 in Poison Magic
 57097 | D:14     | Found a gate to the Vaults.
 57574 | D:14     | Killed Rupert
 57684 | D:15     | Entered Level 15 of the Dungeon
 57828 | D:15     | Found a frozen archway.
 58025 | IceCv    | Entered an ice cave
 58330 | IceCv    | Identified Perghaifur's Almanac of the Entourage and the
                  | Glacier (Sif Muna gifted it to you in an ice cave)
 58330 | IceCv    | Received a gift from Sif Muna
 59837 | IceCv    | Got a translucent tin ring
 59840 | IceCv    | Identified the ring "Ojiarin" {-Tele +Inv rN+++ AC+1 Dex-5}
                  | (You found it in an ice cave)
 61133 | D:15     | Found a staircase to the Depths.
 61863 | Orc:2    | Bought an uncursed ring of poison resistance for 260 gold
                  | pieces
 62095 | Snake:1  | Entered Level 1 of the Snake Pit
 62356 | Lair:3   | HP: 1/66 [shock serpent (11)]
 62361 | Lair:3   | Froze to death
 62362 | Lair:3   | Reached XP level 13. HP: 1/62 MP: 5/26
 63184 | Snake:1  | Noticed a nagaraja
 63201 | Snake:1  | HP: 2/62 [shock serpent/bolt of electricity (9)]
 63373 | Snake:1  | Mangled by a nagaraja
 63374 | Snake:1  | Reached XP level 12. HP: -12/59 MP: 1/25
 63375 | Snake:1  | Noticed a naga warrior
 63394 | Snake:1  | Slain by a naga warrior

Skill      XL: |  1  2  3  4  5  6  7  8  9 10 11 12 13 14 |
---------------+-------------------------------------------+-----
Fighting       | 1 2 3 4 6 9 8 10 | 10.7
Conjurations   | 1 2 3 4 5 7 8 9 |  9.4
Stealth        | 3 4 6 7 8 9 11 12 | 12.6
Ice Magic      | 3 4 5 6 8 10 11 | 11.9
Dodging        | 3 4 5 6 7 9 10 11 | 11.8
Charms         | 1 2 3 |  3.0
Necromancy     | 1 2 |  2.0
Spellcasting   | 3 4 5 6 7 8 |  8.7
Summonings     | 1 5 4 6 |  6.0
Invocations    | 3 2 4 5 6 |  6.0
Unarmed Combat | 2 5 4 6 7 |  7.5
Translocations | 3 |  3.2
Air Magic      | 2 |  2.5
Poison Magic   | 1 |  1.0

Action                   |  1- 3 |  4- 6 |  7- 9 | 10-12 | 13-15 || total
-------------------------+-------+-------+-------+-------+-------++-------
Melee: Unarmed           |     3 |    14 |   546 |   246 |   267 ||  1076
       Bite              |       |     1 |    88 |    19 |    24 ||   132
       Punch             |       |       |       |     3 |     9 ||    12
 Cast: Freeze            |    33 |    52 |    90 |    82 |    69 ||   326
       Throw Frost       |    35 |    94 |   134 |   184 |   179 ||   626
       Ozocubu's Armour  |       |     8 |    21 |    27 |    29 ||    85
       Animate Skeleton  |       |       |    16 |    38 |    15 ||    69
       Throw Icicle      |       |       |    68 |   439 |   461 ||   968
       Summon Ice Beast  |       |       |    36 |   212 |    43 ||   291
       Ozocubu's Refrige |       |       |       |       |    24 ||    24
       Mephitic Cloud    |       |       |       |       |    12 ||    12
       Blink             |       |       |       |       |     1 ||     1
Invok: Divine Energy     |       |       |     1 |       |       ||     1
Evoke: Wand              |       |       |       |     2 |     9 ||    11
  Use: Scroll            |     1 |     3 |     4 |    18 |     7 ||    33
       Potion            |       |     1 |     2 |     1 |     5 ||     9
 Stab: Sleeping          |     3 |     2 |     3 |     5 |    19 ||    32
       Distracted        |       |       |       |     4 |     6 ||    10
       Confused          |       |       |       |       |     4 ||     4
       Paralysed         |       |       |       |       |     2 ||     2
  Eat: Chunk             |    14 |    15 |    50 |   116 |    82 ||   277
       Ration            |       |       |       |       |     4 ||     4
Armor: Skin              |     2 |     4 |    55 |    51 |    37 ||   149
Dodge: Dodged            |    14 |    48 |   297 |   593 |   566 ||  1518
